 Dungeon Crawl Stone Soup version 0.31.0-11-ge490571c62 (webtiles) character file.

Game seed: 700384582087460811

26920 psychodelta the Warrior (level 13, -1/127 HPs)
             Began as a Minotaur Fighter on Jan 29, 2024.
             Was an Initiate of Gozag.
             Killed from afar by a fire dragon (36 damage)
             ... with a blast of flame
             ... on level 13 of the Dungeon.
             The game lasted 00:19:01 (19807 turns).

psychodelta the Warrior (Minotaur Fighter)         Turns: 19807, Time: 00:19:01

Health: -1/127     AC: 22    Str: 25    XL:     13   Next: 1%
Magic:  12/12      EV: 12    Int:  5    God:    Gozag
Gold:   3033       SH: 11    Dex: 11    Spells: 12/12 levels left

rFire   . . .        z - +3 war axe (protect)
rCold   . . .        c - +0 buckler
rNeg    . . .        x - +2 chain mail {Will+}
rPois   .            (helmet restricted)
rElec   .            h - +0 cloak
rCorr   .            (no gloves)
SInv    .            (no boots)
Will    +....        b - amulet of reflection Stlth
                     (no ring)
HPRegen 0.41/turn    (no ring)
MPRegen 0.13/turn

%: reflection
@: under a protective aura
A: horns 2, retaliatory headbutt
a: Renounce Religion, Potion Petition, Call Merchant, Bribe Branch


You were on level 13 of the Dungeon.
You worshipped Gozag.
Gozag was most pleased with you.
You visited 2 branches of the dungeon, and saw 14 of its levels.
You also visited: Bailey.

You collected 3060 gold pieces.
You paid 27 gold pieces to Gozag.

Inventory:

Hand Weapons
 z - a +3 war axe of protection (weapon)
Armour
 c - a +0 buckler (worn)
 h - a +0 cloak (worn)
 q - the +2 scale mail "Ucriweif" {rElec}
   (You found it on level 4 of the Dungeon)

   rElec:     It insulates you from electricity.
 x - a +2 chain mail of willpower (worn)
Jewellery
 a - an amulet of magic regeneration
 b - an amulet of reflection (around neck)
 t - an amulet of faith
 H - an amulet of regeneration
 J - an amulet of guardian spirit
Wands
 f - a wand of charming (13)
 n - a wand of mindburst (19) (quivered)
 r - a wand of roots (12)
 K - a wand of polymorph (3)
Scrolls
 e - 4 scrolls of vulnerability
 i - 2 scrolls of revelation {unknown}
 k - 2 scrolls of brand weapon
 l - 3 scrolls of fear {unknown}
 m - 3 scrolls of poison {unknown}
 p - a scroll of immolation {unknown}
 u - 3 scrolls of enchant armour {unknown}
 v - a scroll of torment {unknown}
 y - 4 scrolls of identify
 C - 2 scrolls of fog {unknown}
 D - a scroll of noise {unknown}
 E - 3 scrolls of teleportation {unknown}
 G - 4 scrolls of blinking {unknown}
Potions
 d - 2 potions of might
 g - 5 potions of curing
 j - 2 potions of lignification
 o - 3 potions of brilliance
 s - a potion of heal wounds {unknown}
 w - a potion of cancellation {unknown}
 A - 3 potions of haste {unknown}
 B - a potion of invisibility
 F - a potion of ambrosia {unknown}
 I - a potion of attraction {unknown}


   Skills:
 * Level 15.5 Fighting
 + Level 11.2 Axes
 + Level 11.5 Armour
 + Level 9.6 Dodging
 + Level 11.3 Shields


You had 12 spell levels left.
You didn't know any spells.
Your spell library contained the following spells:

 Spells                   Type           Power      Damage    Failure   Level
 Magic Dart               Conj           0%         1d3       93%         1
 Shock                    Conj/Air       0%         1d3       93%         1
 Blink                    Tloc           0%         N/A       98%         2
 Call Imp                 Summ           0%         N/A       98%         2
 Cigotuvi's Dreadful Rot  Necr/Alch/Air  0%         N/A       98%         2
 Ensorcelled Hibernation  Hex/Ice        0%         N/A       98%         2
 Mercury Vapours          Alch/Air       0%         N/A       98%         2
 Fugue of the Fallen      Necr           0%         N/A       100%        3
 Inner Flame              Hex/Fire       0%         N/A       100%        3
 Mephitic Cloud           Conj/Alch/Air  0%         N/A       100%        3
 Ozocubu's Armour         Ice            0%         N/A       100%        3
 Passwall                 Erth           0%         N/A       100%        3
 Summon Ice Beast         Ice/Summ       0%         N/A       100%        3
 Swiftness                Air            0%         N/A       100%        3
 Airstrike                Air            0%         2d(0-16)  100%        4
 Flame Wave               Conj/Fire      0%         2d4       100%        4
 Ignite Poison            Fire/Alch      0%         N/A       100%        4
 Iskenderun's Mystic Bla  Conj/Tloc      0%         2d3       100%        4
 Manifold Assault         Tloc           0%         N/A       100%        4
 Sticky Flame             Fire/Alch      0%         2d4       100%        4
 Freezing Cloud           Conj/Ice/Air   0%         6-21      100%        5
 Summon Mana Viper        Hex/Summ       0%         N/A       100%        5
 Starburst                Conj/Fire      0%         6d3       100%        6
 Monstrous Menagerie      Summ           0%         N/A       100%        7


Dungeon Overview and Level Annotations

Branches:
Dungeon (13/15)            Temple (0/1) D:7            Lair (0/5) D:9
    Orc (1/2) D:10         Vaults (0/5) D:13         Bailey (visited)

Altars:
Ashenzari
Dithmenos
Elyvilon
Fedhas
Gozag
Hepliaklqana
Kikubaaqudgha
Okawaru
Qazlal
Ru
Vehumet
Wu Jian
Yredelemnul
The Shining One

Portals:
Ice
Cave: D:11

Annotations:
Orc:1 Erolcha


Innate Abilities, Weirdness & Mutations

You have a pair of horns on your head.
You reflexively headbutt those who attack you in melee.


Message History

You are too injured to fight recklessly!
You are too injured to fight recklessly!
You are too injured to fight recklessly!
You barely miss the fire dragon. The fire dragon bites you!
The fire dragon claws you but does no damage.
The fire dragon tramples you but does no damage.
You hit the fire dragon.
Your weapon exudes an aura of protection.
You headbutt the fire dragon!
The fire dragon is lightly wounded.
You block the fire dragon's attack. The fire dragon closely misses you. x2
You closely miss the fire dragon.
The fire dragon is lightly wounded.
The fire dragon breathes flames at you. The blast of flame hits you!!!
You completely miss the fire dragon. You headbutt the fire dragon.
The fire dragon is lightly wounded.
The fire dragon bites you but does no damage.
The fire dragon claws you but does no damage.
The fire dragon tramples you but does no damage.
You hit the fire dragon.
The fire dragon is lightly wounded.
You block the fire dragon's attack. x2
The fire dragon tramples you but does no damage.
You closely miss the fire dragon.
The fire dragon is lightly wounded.
The fire dragon breathes flames at you. The blast of flame hits you!!
* * * LOW HITPOINT WARNING * * *
You slash the fire dragon!
The fire dragon is moderately wounded.
The fire dragon bites you but does no damage.
The fire dragon barely misses you.
The fire dragon tramples you but does no damage.
You barely miss the fire dragon.
The fire dragon is moderately wounded.
The fire dragon breathes flames at you. The blast of flame hits you!!!
You die...
Your body crumbles into a pile of gold.

.# #+# #.# .#
#.# .# ####.#
.# ##.##.# ####
#...#.# ...+ #
####..# ####
##†###†###.# #
#.......##.#
#..D@..'..#####
#..∩.8.'......#
#..†...'..###.#
#...^...##.#
##†###†###.# ##
### ... #.##
#.# #.#


You could see a fire dragon (catching breath).

Vanquished Creatures
  A centaur warrior (D:13)
  A boulder beetle (D:12)
  An ugly thing (D:12)
  Pikel (D:7)
  Maurice (D:12)
  A manticore (D:12)
  4 cyclopes
  4 centaur zombies (D:10)
  An unseen horror (D:12)
  A centaur skeleton (D:10)
  A gargoyle (D:12)
  A kobold demonologist (D:12)
  2 unseen horror skeletons (D:10)
  2 trolls
  2 ice devils (D:11)
  A hornet (D:8)
  8 slime creatures
  A shadow (D:11)
  A wraith (D:10)
  4 wyverns
  14 yaks
  2 steam dragons
  3 vampire mosquitoes (D:12)
  Menkaure (D:4)
  2 water moccasins
  A black bear (D:5)
  16 orc warriors
  A sky beast (D:7)
  An ice beast (D:7)
  4 ogres
  19 centaurs
  A lemure (D:7)
  5 kobold brigands
  2 bullfrogs
  5 scorpions
  A gnoll sergeant (D:10)
  A burial acolyte (D:10)
  16 wights
  8 killer bees
  3 howler monkeys (D:9)
  2 bombardier beetles
  A human zombie (D:10)
  6 orc priests
  3 hounds
  A jelly (D:4)
  Crazy Yiuf (D:4)
  A gnoll bouda (D:10)
  Ijyb (D:5)
  7 orc wizards
  A howler monkey zombie (D:10)
  10 gnolls (D:10)
  5 adders
  A howler monkey skeleton (D:10)
  2 shadow imps
  2 white imps (D:8)
  5 ufetubi
  A ribbon worm (D:2)
  3 dart slugs
  48 orcs
  9 ball pythons
  5 bats
  9 endoplasms
  A giant cockroach (D:1)
  A goblin (D:3)
  4 hobgoblins
  A quokka (D:1)
  2 frilled lizards
  11 kobolds
  9 rats
298 creatures vanquished.

Vanquished Creatures (others)
  An orc warrior (Bailey)
  A bullfrog (D:7)
  3 orcs (Bailey)
5 creatures vanquished.

Grand Total: 303 creatures vanquished

Notes
Turn   | Place    | Note
-------+----------+-------------------------------------------
     0 | D:1      | psychodelta the Minotaur Fighter began the quest for the
                  | Orb.
     0 | D:1      | Reached XP level 1. HP: 19/19 MP: 0/0
   248 | D:1      | Reached XP level 2. HP: 27/27 MP: 1/1
   929 | D:2      | Reached skill level 4 in Fighting
  1026 | D:2      | Reached XP level 3. HP: 33/33 MP: 2/2
  1388 | D:3      | Found a white marble altar of Elyvilon.
  1475 | D:3      | Found an opulent altar of Gozag.
  1497 | D:3      | Became a worshipper of Gozag Ym Sagoz the Greedy
  1571 | D:3      | Reached XP level 4. HP: 40/41 MP: 3/3
  1929 | D:3      | Noticed a scorpion
  1937 | D:3      | Killed a scorpion
  1938 | D:3      | Reached skill level 1 in Dodging
  1938 | D:3      | Reached XP level 5. HP: 39/47 MP: 4/4
  2181 | D:4      | Identified the +2 scale mail "Ucriweif" {rElec}
  2202 | D:4      | Reached skill level 5 in Fighting
  2320 | D:4      | Found a blossoming altar of Fedhas.
  2581 | D:4      | Noticed Menkaure
  2588 | D:4      | Killed Menkaure
  2589 | D:4      | Reached XP level 6. HP: 11/56 MP: 5/5
  2867 | D:4      | Reached skill level 5 in Armour
  3324 | D:4      | Found a runed translucent door.
  3325 | D:4      | Noticed Crazy Yiuf
  3669 | D:4      | Killed Crazy Yiuf
  3670 | D:4      | Reached skill level 5 in Shields
  3692 | D:5      | Entered Level 5 of the Dungeon
  3747 | D:5      | Noticed Ijyb
  3757 | D:5      | Killed Ijyb
  3758 | D:5      | Reached skill level 6 in Fighting
  3834 | D:5      | Reached XP level 7. HP: 49/64 MP: 6/6
  4026 | D:5      | Identified the +3 leather armour "Hihecod" {Will+ Str+3}
  4161 | D:5      | Found a sacrificial altar of Ru.
  4230 | D:5      | Found a basalt altar of Yredelemnul.
  4616 | D:5      | Found an ornate altar of the Wu Jian Council.
  5529 | D:6      | Found a radiant altar of Vehumet.
  5541 | D:6      | Reached skill level 7 in Fighting
  5541 | D:6      | Reached skill level 5 in Axes
  6847 | D:6      | Reached XP level 8. HP: 38/73 MP: 7/7
  7637 | D:7      | Found a stormy altar of Qazlal.
  7638 | D:7      | Found a hazy altar of Hepliaklqana.
  7669 | D:7      | Found a staircase to the Ecumenical Temple.
  7669 | D:7      | Noticed Pikel
  7678 | D:7      | Reached skill level 8 in Fighting
  7682 | D:7      | Killed Pikel
  8047 | D:7      | Reached skill level 9 in Fighting
  8047 | D:7      | Reached XP level 9. HP: 54/83 MP: 8/8
  8333 | D:7      | Reached skill level 5 in Dodging
  8800 | D:7      | Got the Tome of Concussion and the Snowflakes
  8909 | D:7      | Found an iron altar of Okawaru.
  9029 | D:7      | Found a shadowy altar of Dithmenos.
  9056 | D:7      | Found a glowing golden altar of the Shining One.
  9058 | D:7      | Found a broken altar of Ashenzari.
  9300 | D:8      | Reached skill level 10 in Fighting
 10335 | D:9      | Reached XP level 10. HP: 94/94 MP: 9/9
 10607 | D:9      | Reached skill level 11 in Fighting
 10895 | D:9      | Found a flagged portal.
 10905 | Bailey   | Entered a bailey
 13186 | Bailey   | Reached skill level 12 in Fighting
 14002 | Bailey   | Reached skill level 13 in Fighting
 14002 | Bailey   | Reached skill level 10 in Armour
 14002 | Bailey   | Reached XP level 11. HP: 107/107 MP: 10/10
 14716 | D:9      | Found a staircase to the Lair.
 14927 | D:10     | Entered Level 10 of the Dungeon
 15259 | D:10     | Found a staircase to the Orcish Mines.
 15275 | D:10     | Reached skill level 10 in Shields
 15282 | D:10     | Reached XP level 12. HP: 108/116 MP: 11/11
 15472 | D:10     | Found the +4 robe of Augmentation {Str+4 Int+4 Dex+4}
 15742 | D:10     | Reached skill level 10 in Axes
 15753 | D:10     | Reached skill level 14 in Fighting
 15797 | D:10     | Found an ancient bone altar of Kikubaaqudgha.
 16235 | Orc:1    | Entered Level 1 of the Orcish Mines
 16235 | Orc:1    | Noticed Erolcha
 16964 | D:11     | Found a frozen archway.
 17110 | D:12     | Noticed a boulder beetle
 17150 | D:12     | Killed a boulder beetle
 17979 | D:12     | Identified the +0 robe of the End {+Blink rElec rC+}
 18015 | D:12     | Reached skill level 15 in Fighting
 18694 | D:12     | Noticed Maurice
 18706 | D:12     | Killed Maurice
 19294 | D:13     | Noticed a centaur warrior
 19308 | D:13     | Killed a centaur warrior
 19569 | D:13     | Reached XP level 13. HP: 65/127 MP: 12/12
 19795 | D:13     | Found a gate to the Vaults.
 19796 | D:13     | Noticed a fire dragon
 19807 | D:13     | Killed from afar by a fire dragon

Illustrated notes

Levels and vault maps discovered:
D:1:      wander_arrival_abandoned_jail, layout_loops_corners, dk_noncrumbling_3
D:2:      layout_basic, minmay_misc_feat_ornament
D:3:      layout_basic, elyvilon_altar_1, grunt_gozag_statues, minmay_ruptured
D:4:      layout_loops_ring, fedhas_altar_decomposition, serial_forest,
          infiniplex_forest_lined_1, infiniplex_forest_lined_2,
          infiniplex_forest_corner_1, infiniplex_forest_clump_long,
          infiniplex_forest_lined_room_, infiniplex_forest_lined_ring,
          infiniplex_forest_clump_double, uniq_menkaure, uniq_crazy_yiuf_cottage
D:5:      layout_basic, nicolae_ru_sacrificial_ziggurat,
          mainiacjoe_overflow_24_doors, overflow_temple_1_default,
          minmay_misc_feat_plants, chequers_jeans, serial_bayou_pond_d,
          uniq_ijyb
D:6:      layout_layer_cave, fiery_altar_vehumet, chequers_serial_rivers_micro_a
D:7:      layout_basic, mainiacjoe_overflow_surrounded_room,
          mainiacjoe_overflow_alcove_2, nicolae_overflow_macrodata_refinement,
          minmay_temple_entry_sparse_star, uniq_pikel
D:8:      layout_basic, serial_demonic, serial_demonic_b, serial_demonic_b,
          serial_demonic_g, serial_demonic_f
D:9:      layout_roguey, lair_entry_dummy, enter_bailey_2, nicolae_eternal_life
D:10:     layout_roguey, lemuel_mausoleum_altar_kikubaaqudgha,
          kennysheep_orc_monster_closet_entryway
D:11:     layout_roguey, portal_ice_cave_demonic_guard, trog_butcher_becter
D:12:     layout_roguey, uniq_maurice
D:13:     layout_loops_corners, hellmonk_vaults_attempted_burglary
Orc:1:    layout_caves, uniq_erolcha

Skill      XL: |  1  2  3  4  5  6  7  8  9 10 11 12 |
---------------+-------------------------------------+-----
Fighting       | 4 5 6 7 9 10 13 15 | 15.5
Axes           | 3 4 5 6 7 9 11 | 11.2
Armour         | 4 5 7 8 10 11 | 11.5
Shields        | 4 5 6 7 9 10 11 | 11.3
Dodging        | 1 2 3 4 6 8 9 |  9.6

Action                     |  1- 3 |  4- 6 |  7- 9 | 10-12 | 13-15 || total
---------------------------+-------+-------+-------+-------+-------++-------
  Melee: War axe           |    67 |    83 |   233 |   543 |     9 ||   935
         Headbutt          |     8 |    11 |    41 |   134 |     2 ||   196
    Use: Scroll            |       |     7 |       |     1 |       ||     8
         Potion            |       |     1 |     1 |     5 |       ||     7
   Stab: Invisible         |       |       |       |     4 |       ||     4
         Distracted        |       |       |       |     3 |       ||     3
 Armour: Scale mail        |    40 |    68 |   180 |   248 |       ||   536
         Chain mail        |       |       |       |   251 |    13 ||   264
  Dodge: Dodged            |    25 |    38 |   126 |   337 |     6 ||   532
  Block: Buckler           |    15 |    20 |   139 |   399 |     4 ||   577
         Reflection        |       |       |     6 |    10 |       ||    16
